 Dungeon Crawl Stone Soup version 0.31-a0-986-g5e6e4ef867 (webtiles) character file.

Game seed: 17750791269429563651

1983 lunkers the Martial Artist (level 9, -7/64 HPs)
             Began as a Meteoran Shapeshifter on Nov 8, 2023.
             Was an Initiate of Gozag.
             Mangled by a gnoll
             ... wielding a +0 halberd
             ... led by a gnoll bouda
              (12 damage)
             ... on level 7 of the Dungeon.
             The game lasted 00:09:55 (2719 turns).

lunkers the Martial Artist (Meteoran Shapeshifter)  Turns: 2719, Time: 00:09:56

Health: -7/64      AC:  6    Str: 16    XL:     9   Next: 72%
Magic:  10/10      EV: 11    Int: 13    God:    Gozag
Gold:   435        SH:  5    Dex: 17    Spells: 8/8 levels left

rFire   . .          .
                       - Unarmed
rCold   . . .        (shield currently unavailable)
rNeg    + . .        h - +0 ring mail
rPois   .            (no helmet)
rElec   .            n - +0 cloak
rCorr   .            (no gloves)
SInv    .            (no boots)
Will    +....        q - amulet of reflection
Stlth   +            k - ring of positive energy
HPRegen 0.30/turn    (no ring)
MPRegen 0.12/turn

%: reflection
@: flux-form, glowing
A: glow, contaminating, sense surroundings 2, otherworldly, glowing, explore
regen
a: Begin Untransformation, Renounce Religion, Potion Petition, Call Merchant,
Bribe Branch


You were on level 7 of the Dungeon.
You worshipped Gozag.
Gozag was aware of your devotion.
You were something dangerously unstable.
You visited 2 branches of the dungeon, and saw 8 of its levels.
You also visited: Sewer.

You collected 498 gold pieces.
You paid 63 gold pieces to Gozag.

Inventory:

Missiles
 t - 2 javelins
Armour
 h - a +0 ring mail (worn)
 n - a +0 cloak (worn)
Jewellery
 i - a ring of ice
 k - a ring of positive energy (left hand)
 o - an amulet of magic regeneration
 q - an amulet of reflection (around neck)
Talismans
 c - a beast talisman
 d - a flux talisman (active)
 u - a blade talisman
Wands
 f - a wand of mindburst (4)
Scrolls
 a - a scroll of revelation {unknown}
 e - 2 scrolls of teleportation
 s - a scroll of enchant weapon
Potions
 b - 3 potions of heal wounds
 g - 6 potions of curing
 j - 3 potions of brilliance
 l - 3 potions of haste
 p - 4 potions of mutation
 r - a potion of enlightenment
 v - a potion of invisibility


   Skills:
 + Level 1.5 Fighting
 + Level 2.4 Dodging
 * Level 11.8 Unarmed Combat
 + Level 8.3 Shapeshifting


You had 8 spell levels left.
You didn't know any spells.
Your spell library contained the following spells:

 Spells                   Type           Power      Damage    Failure   Level
 Static Discharge         Conj/Air       0%         3-3/arc   65%         2
 Airstrike                Air            0%         2d(0-16)  99%         4
 Summon Lightning Spire   Summ/Air       0%         N/A       99%         4
 Vhi's Electric Charge    Tloc/Air       0%         N/A       99%         4
 Arcjolt                  Conj/Air       0%         1d10      100%        5
 Plasma Beam              Fire/Air       0%         2x1d10    100%        6


Dungeon Overview and Level Annotations

Branches:
Dungeon (7/15) Zot: 2043   Temple (1/1) D:5 Zot: 574   Sewer (visited)

Altars:
Ashenzari
Cheibriados
Dithmenos
Gozag
Hepliaklqana
Kikubaaqudgha
Makhleb
Okawaru
Sif Muna
Trog
Vehumet
Wu Jian
Xom
Zin
The Shining One

Shops:
D:5 (

Annotations:
D:6 Eustachio


Innate Abilities, Weirdness & Mutations

You are something dangerously unstable.
You glow with magical radiation, making you easy to see and hit.
Foes you strike become dangerously contaminated with magical radiation.
You are incapable of wielding weapons or throwing items.
You passively map the area around you.
You are easily found by Zot.
You glow in the dark.
You regain HP and MP as you explore.


Message History

Found 22 gold pieces.
The gnoll bouda shouts!
The gnoll shouts!
The gnoll bouda moves out of view.
The gnoll bouda barks out a call to the hunt!
The gnolls pick up the pace!
The gnoll hits you but does no damage.
The gnoll hits you from afar with a +0 spear.
A gnoll comes into view. It is wielding a +0 spear.
The gnoll closely misses you. The gnoll hits you with a +0 spear.
You block the gnoll's attack.
You barely miss the gnoll.
The gnoll shouts!
The gnoll barely misses you. The gnoll hits you with a +0 spear.
You barely miss the gnoll. The gnoll hits you with a +0 flail.
You punch the gnoll!
The gnoll begins to glow.
The gnoll is heavily wounded.
The gnoll hits you with a +0 spear. The gnoll barely misses you.
You hit the gnoll.
The gnoll glows dangerously bright.
The gnoll is severely wounded.
You block the gnoll's attack. The gnoll barely misses you.
The gnoll hits you from afar with a +0 spear!
The gnoll bouda hits you with a +0 whip!
* * * LOW HITPOINT WARNING * * *
The gnoll hits you with a +0 flail!
* * * LOW HITPOINT WARNING * * *
You barely miss the gnoll. The gnoll hits you but does no damage.
The gnoll hits you with a +0 halberd!
* * * LOW HITPOINT WARNING * * *
You block the gnoll's attack. x2
You hit the gnoll.
The gnoll begins to glow.
The gnoll is lightly wounded.
The gnoll bouda hits you with a +0 whip.
* * * LOW HITPOINT WARNING * * *
The gnoll hits you with a +0 flail!
* * * LOW HITPOINT WARNING * * *
The gnoll hits you from afar with a +0 spear.
* * * LOW HITPOINT WARNING * * *
The gnoll hits you with a +0 halberd!
You die...
Your body crumbles into a pile of gold.

, ,
.......#...#....##
,,
..............[..#
, ,
...............###
, .............###
,, ,
*..........### ,
,,, * .#......###
* #........##
..####.......#
......gpg..### ,
......gg.### ,
,......gg##
......... ,
.........* ,
......$..# ,
.........# ,
##....#.## ** ,


You could see a gnoll bouda and 5 gnolls.

Vanquished Creatures
  A water moccasin (D:6)
  4 black bears
  3 centaurs
  A phantom (D:5)
  2 bullfrogs (Sewer)
  A scorpion (D:5)
  7 wights (D:7)
  A howler monkey (D:6)
  2 jellies (D:6)
  2 hounds
  An orc priest (D:6)
  A sleepcap (D:6)
  2 iguanas
  3 orc wizards
  4 gnolls (D:3)
  12 adders
  5 river rats (Sewer)
  3 white imps
  2 worms
  3 dart slugs
  13 orcs
  20 ball pythons
  4 endoplasms
  3 giant cockroaches
  3 goblins
  4 hobgoblins
  2 quokkas (D:1)
  2 bats
  2 frilled lizards
  5 kobolds
  27 rats
145 creatures vanquished.

Notes
Turn   | Place    | Note
-------+----------+-------------------------------------------
     0 | D:1      | lunkers the Meteoran Shapeshifter began the quest for the
                  | Orb.
     0 | D:1      | Reached XP level 1. HP: 16/16 MP: 2/2
   120 | D:1      | Reached XP level 2. HP: 23/23 MP: 3/3
   122 | D:1      | Reached skill level 4 in Unarmed Combat
   143 | D:1      | Found a faded altar of an unknown god.
   143 | D:1      | Noticed an Executioner
   432 | D:2      | Reached XP level 3. HP: 28/28 MP: 4/4
   553 | D:2      | Reached XP level 4. HP: 33/35 MP: 5/5
   726 | D:3      | Found a glowing silver altar of Zin.
   767 | D:3      | Reached skill level 5 in Unarmed Combat
   859 | D:3      | Reached XP level 5. HP: 13/40 MP: 6/6
   874 | D:4      | Found a glowing drain.
   898 | Sewer    | Entered a sewer
   955 | Sewer    | Reached skill level 6 in Unarmed Combat
   995 | Sewer    | Reached XP level 6. HP: 36/47 MP: 7/7
  1039 | Sewer    | Reached skill level 5 in Shapeshifting
  1169 | Sewer    | Reached skill level 7 in Unarmed Combat
  1172 | Sewer    | Reached XP level 7. HP: 7/52 MP: 8/8
  1358 | Sewer    | Glimpsed the power of Zot.
  1439 | D:4      | Reached skill level 8 in Unarmed Combat
  1569 | D:4      | Found a snail-covered altar of Cheibriados.
  1700 | D:5      | Entered Level 5 of the Dungeon
  1734 | D:5      | Reached XP level 8. HP: 21/59 MP: 9/9
  1822 | D:5      | Noticed a +0 bardiche
  1823 | D:5      | Found Jucwoj's Weapon Boutique.
  1824 | D:5      | Noticed a +0 executioner's axe
  1833 | D:5      | Found a staircase to the Ecumenical Temple.
  1864 | Temple   | Entered the Ecumenical Temple
  1876 | Temple   | Became a worshipper of Gozag Ym Sagoz the Greedy
  1900 | D:5      | Reached skill level 9 in Unarmed Combat
  1964 | D:5      | Found an ornate altar of the Wu Jian Council.
  1964 | D:5      | Found a burning altar of Makhleb.
  2153 | D:6      | Noticed Eustachio
  2336 | D:6      | Reached skill level 10 in Unarmed Combat
  2342 | D:6      | Gained mutation: You passively map the area around you.
                  | [Meteoran growth]
  2342 | D:6      | Reached XP level 9. HP: 42/64 MP: 10/10
  2360 | D:6      | HP: 2/64 [orc priest/divine providence (8)]
  2548 | D:7      | Reached skill level 11 in Unarmed Combat
  2686 | D:7      | Found an iron altar of Okawaru.
  2719 | D:7      | Mangled by a gnoll

Illustrated notes

Levels and vault maps discovered:
D:1:      wheals_arrival_linesprint, layout_rooms,
          dreamdust_ecumenical_altar_sealed_demon, kennysheep_flooded_box,
          chequers_hall_statues_wall_a
D:2:      layout_loops_ring, st_stairs_10
D:3:      layout_basic, lemuel_crystal_altar
D:4:      layout_basic, kennysheep_slug_shrine, gup_sewer_entry_glass
D:5:      layout_loops_ring, chequers_temple_overflow_statue_of_worship,
          minmay_temple_entry_mini_moons, serial_shops, nicolae_shop_mannequins,
          grunt_decor_arrowhead, grunt_decor_resistance,
          minmay_misc_feat_plants, chequers_serial_rivers_micro_a
D:6:      layout_basic, uniq_eustachio
D:7:      layout_cave_pools, okawaru_ov_weapons_minmay, item_on_display_a
Temple:   nicolae_temple_ecumenical_triangle

Skill      XL: |  1  2  3  4  5  6  7  8  9 |
---------------+----------------------------+-----
Unarmed Combat | 4 5 6 7 8 10 11 | 11.8
Shapeshifting  | 4 5 6 7 8 |  8.3
Fighting       | |  1.5
Dodging        | |  2.4

Action                     |  1- 3 |  4- 6 |  7- 9 || total
---------------------------+-------+-------+-------++-------
  Melee: Unarmed           |    50 |   159 |   249 ||   458
         Punch             |     1 |     5 |       ||     6
    Use: Potion            |       |     1 |       ||     1
         Scroll            |       |       |    17 ||    17
   Stab: Distracted        |       |       |     1 ||     1
 Armour: Animal skin       |     6 |       |       ||     6
         Ring mail         |     7 |   106 |   217 ||   330
         Skin              |       |    57 |    12 ||    69
  Dodge: Dodged            |    25 |   134 |   165 ||   324
  Block: Other             |       |       |     5 ||     5
   Form: Flux              |       |       |     1 ||     1

Table legend: (Time is in decaauts)
 A = Elapsed time spent in this place.
 B = Non-inter-level travel time spent in this place.
 C = Inter-level travel time spent in this place.
 D = Time resting spent in this place.
 E = Time spent auto-exploring this place.
 F = Levels seen in this place.
 G = Mean time per level.
                   A        B        C        D        E       F      G
               +--------+--------+--------+--------+--------+-----+--------+
         Total |   2704 |   2689 |     15 |     90 |   1456 |   9 |  300.4 |
       Dungeon |   2156 |   2141 |     15 |      0 |   1304 |   7 |  308.0 |
        Temple |     25 |     25 |      0 |      0 |      0 |   1 |   25.0 |
         Sewer |    522 |    522 |      0 |     90 |    152 |   1 |  522.0 |
               +--------+--------+--------+--------+--------+-----+--------+

Top non-repeatable levels by time:
   Sewer: 522 daAuts
     D:5: 416 daAuts
     D:1: 393 daAuts
     D:4: 347 daAuts
     D:6: 342 daAuts
     D:2: 252 daAuts
     D:3: 221 daAuts
     D:7: 183 daAuts
  Temple: 25 daAuts
